Match 47346434
Unlisted

Match 47346434
End
Vickers Machine Gun Team
Construct Section Command Post
Selects Canadian Shock Battlegroup
Vickers Machine Gun Team
Dingo Light Scout Car
Selects Attacking Spirit
Selects Canadian Shock Section
Canadian Shock Section
Construct Platoon Command Post
Selects Incendiary Munitions
Canadian Shock Section
Unlock Bishop Self-propelled Artillery
Infantry Training
Canadian Shock Section
CMP 15cwt Truck
Selects Pyrotechnics
Bishop Self-propelled Artillery
Bishop Self-propelled Artillery
Selects Demolition Engineering
Demolition Engineering
Old Saint Henderson
SgtSteiner
Jun
Em1ya
Hakuri-Darkness
SA1.0
0
0

Comments sign in to comment!

No comments posted yet!